 Dungeon Crawl Stone Soup version 0.24.0-1-gfbc8707122 (webtiles) character file.

Game seed: 2643466665428570991, levelgen mode: deterministic

51 Gumption the Grave Robber (level 4, 0/30 HPs)
             Began as a Human Necromancer on Oct 28, 2019.
             Slain by an adder (4 damage)
             ... on level 1 of the Dungeon.
             The game lasted 00:20:08 (2746 turns).

Gumption the Grave Robber (Human Necromancer)       Turns: 2746, Time: 00:20:08

Health: 0/30       AC:  2    Str:  8    XL:     4   Next: 5%
Magic:  0/7        EV: 12    Int: 17    God:
Gold:   77         SH:  0    Dex: 13    Spells: 3/8 levels left

rFire    . . .     SeeInvis .   b - +0 spear
rCold    . . .     Gourm    .   (no shield)
rNeg     . . .     Faith    .   c - +0 robe (curse)
rPois    .         Spirit   .   (no helmet)
rElec    .         Reflect  .   (no cloak)
rCorr    .         Harm     .   (no gloves)
MR       .....                  (no boots)
Stlth    ++........             (no amulet)
HPRegen  0.10/turn              (no ring)
MPRegen  0.10/turn              (no ring)

@: no status effects
A: no striking features
a: no special abilities


You were on level 1 of the Dungeon.
You were not hungry.

You visited 1 branch of the dungeon, and saw 2 of its levels.

You collected 77 gold pieces.

Inventory:

Hand Weapons
 a - a +0 short sword
 b - a +0 spear (weapon)
Missiles
 m - 11 stones (quivered)
 r - 25 sling bullets
Armour
 c - a cursed +0 robe (worn)
 l - a +0 leather armour
Jewellery
 g - a cursed amulet of regeneration {unknown}
 p - a cursed amulet of inaccuracy {unknown}
 q - an uncursed amulet of guardian spirit {unknown}
Scrolls
 d - a scroll of fog
 i - a scroll of remove curse {unknown}
 j - a scroll of identify {unknown}
 k - a scroll of immolation {unknown}
 n - a scroll of teleportation {unknown}
 o - a scroll of blinking {unknown}
Potions
 f - a potion of brilliance {unknown}
 h - a potion of agility {unknown}
 s - 2 potions of curing {unknown}
 u - a potion of heal wounds {unknown}
Comestibles
 e - 4 rations
 t - 7 chunks of flesh


   Skills:
 - Level 2.0 Dodging
 - Level 2.0 Stealth
 + Level 2.6 Spellcasting
 * Level 5.0 Necromancy


You had 3 spell levels left.
You knew the following spells:

 Your Spells              Type           Power        Failure   Level  Hunger
a - Pain                  Necr           ###.         2%          1    #......
b - Animate Skeleton      Necr           N/A          2%          1    #......
c - Vampiric Draining     Necr           ###.......   7%          3    ###....

Your spell library contained the following spells:

 Spells                   Type           Power        Failure   Level  Hunger
 Regeneration             Chrm/Necr      ##........   21%         3    ###....
 Animate Dead             Necr           N/A          24%         4    #####..


Dungeon Overview and Level Annotations

Branches:
Dungeon (2/15)

Altars:


Message History

The adder barely resists.
The adder misses you. The adder barely misses you.
Casting: Pain (safe; 2% risk of failure)
Confirm with . or Enter, or press ? or * to list all spells.
Aiming: Pain (safe; 2% risk of failure)
Press: ? - help, Shift-Dir - straight line, f/p - adder
Aim: an adder (chance to defeat MR: 84%)
The adder writhes in agony.
The adder misses you.
Casting: Pain (safe; 2% risk of failure)
Confirm with . or Enter, or press ? or * to list all spells.
Aiming: Pain (safe; 2% risk of failure)
Press: ? - help, Shift-Dir - straight line, f/p - adder
Aim: an adder (lightly wounded, chance to defeat MR: 84%)
The adder writhes in agony.
The adder bites you but does no damage.
Casting: Pain (safe; 2% risk of failure)
Confirm with . or Enter, or press ? or * to list all spells.
Aiming: Pain (safe; 2% risk of failure)
Press: ? - help, Shift-Dir - straight line, f/p - adder
Aim: an adder (lightly wounded, chance to defeat MR: 84%)
The adder barely resists.
The adder bites you.
You die...

########.# #..# #.###≈♣≈≈≈≈≈
.........# #..# #.##≈≈P≈♣≈P♣
.........####..# #.##♣P≈≈≈≈≈≈
............#..#######.#♣♣≈≈P≈♣♣≈
#########.#.#..........♣♣P≈≈≈P≈≈≈
.......................P≈≈≈≈P≈≈≈≈
###.#####.#.....#####..≈♣≈PP≈≈≈♣≈
#.......#......#.....♣♣P≈≈≈≈≈≈≈
#.#######.....@#.##.≈♣♣P≈≈≈≈≈≈≈
###.#######..###S#.##.P≈≈P≈≈≈≈≈≈≈
...............>.#.##.≈≈≈≈≈≈≈≈≈≈≈
###'######..####.#.##.♣♣P≈≈≈≈≈≈≈≈
.........#..#..#>#....≈♣♣≈≈≈≈≈≈≈≈
....>....#..#.........♣P≈≈≈≈≈≈≈≈≈
.........#..#.##.####.≈≈≈≈≈≈≈≈≈≈≈
.........#..#....# #.P♣P≈≈≈≈≈≈≈≈
.........#..####### ##♣♣≈≈≈≈≈≈≈≈≈


You could see an adder.

Vanquished Creatures
  An adder (D:2)
  A leopard gecko (D:1)
  2 giant cockroaches
  4 goblins
  6 hobgoblins
  6 jackals
  6 kobolds
  4 bats
  A frilled lizard (D:1)
  A rat (D:1)
32 creatures vanquished.

Vanquished Creatures (collateral kills)
  A hobgoblin (D:2)
  A jackal (D:2)
  A ball python (D:2)
  A kobold (D:2)
4 creatures vanquished.

Grand Total: 36 creatures vanquished

Notes
Turn   | Place    | Note
-------+----------+-------------------------------------------
     0 | D:1      | Gumption the Human Necromancer began the quest for the Orb.
     0 | D:1      | Reached XP level 1. HP: 13/13 MP: 3/3
     5 | D:1      | Learned a level 1 spell: Animate Skeleton
   693 | D:1      | Reached XP level 2. HP: 19/19 MP: 3/5
  1774 | D:2      | Reached XP level 3. HP: 24/24 MP: 4/6
  1829 | D:2      | Learned a level 3 spell: Vampiric Draining
  2647 | D:2      | Reached XP level 4. HP: 28/30 MP: 4/7
  2742 | D:1      | Reached skill level 5 in Necromancy
  2746 | D:1      | Slain by an adder

Levels and vault maps discovered:
D:1:      mainiacjoe_arrival_reflecting_pool, layout_basic, serial_bayou_lake_a
D:2:      layout_rooms

Skill      XL: |  1  2  3  4 |
---------------+-------------+-----
Necromancy     | 5 |  5.0
Dodging        | |  2.0
Stealth        | |  2.0
Spellcasting   | |  2.6

Action                   |  1- 3 |  4- 6 || total
-------------------------+-------+-------++-------
Melee: Spear             |     3 |       ||     3
Throw: Stone             |     1 |       ||     1
 Cast: Pain              |    59 |    10 ||    69
       Animate Skeleton  |    17 |     2 ||    19
  Use: Scroll            |     1 |       ||     1
  Eat: Chunk             |     6 |     1 ||     7
Armor: Robe              |     2 |     3 ||     5
Dodge: Dodged            |    22 |    16 ||    38
